 Dungeon Crawl Stone Soup version 0.17-a0-1778-gd369669 (webtiles) character file.

158 orochimarko the Magician (level 5, -3/36 HPs)
             Began as a Mummy Wizard on Sept 7, 2015.
             Slain by a phantom (9 damage)
             ... on level 4 of the Dungeon on Sept 8, 2015.
             The game lasted 00:51:34 (8052 turns).

orochimarko the Magician (Mummy Wizard)             Turns: 8052, Time: 00:51:34

Health: -3/36      AC:  4    Str: 10    XL:     5   Next: 16%
Magic:  1/11       EV: 12    Int: 19    God:
Gold:   145        SH:  0    Dex: 14    Spells: 5 memorised, 2 levels left

rFire  x . .     SeeInvis .     f - +1 dagger
rCold  + . .     Clarity  .     o - +0 robe
rNeg   + + +     SustAt   .     (no shield)
rPois  ∞         Gourm    .     b - +0 hat
rElec  .         Spirit   .     (no cloak)
rCorr  .         Warding  .     k - +1 pair of gloves
rMut   .         Stasis   .     (no boots)
MR     .....                    g - amulet of regeneration
Stlth  ++........               m - +4 ring of dexterity
                                e - ring of wizardry

@: very slightly contaminated, not resistant to hostile enchantments, unstealthy
A: no food or potions, fire vulnerability, cold resistance 1, negative energy
resistance 3, torment resistance, unbreathing
a: no special abilities


You were on level 4 of the Dungeon.
You were not hungry.

You visited 1 branch of the dungeon, and saw 4 of its levels.

You collected 145 gold pieces.

Inventory:

Hand weapons
 f - a +1 dagger (weapon)
Armour
 b - a +0 hat (worn)
 k - a +1 pair of gloves (worn)
 o - a +0 robe (worn)
Rods
 i - a +1 iron rod (6/11)
   (You found it on level 3 of the Dungeon)
Jewellery
 e - a ring of wizardry (left hand)
 g - an amulet of regeneration (around neck)
 l - an uncursed ring of protection from fire
 m - a +4 ring of dexterity (right hand)
Magical devices
 d - a wand of frost (35)
Scrolls
 a - a scroll of recharging
 h - 3 scrolls of fog
 j - a scroll of enchant weapon
 n - a scroll of teleportation
Books
 c - a book of Minor Magic

   Spells                             Type                      Level
   a - Magic Dart                     Conjuration                  1
   b - Blink                          Translocation                2
   c - Call Imp                       Summoning                    2
   d - Repel Missiles                 Charms/Air                   2
   e - Slow                           Hexes                        2
   f - Conjure Flame                  Conjuration/Fire             3
   g - Mephitic Cloud                 Conjuration/Poison/Air       3


   Skills:
 + Level 0.4 Fighting
 + Level 0.1 Short Blades
 + Level 2.1 Dodging
 + Level 2.2 Stealth
 + Level 0.1 Unarmed Combat
 + Level 4.3 Spellcasting
 + Level 1.7 Conjurations
 + Level 1.0 Summonings
 + Level 0.8 Translocations
 + Level 0.1 Evocations


You had 2 spell levels left.
You knew the following spells:

 Your Spells              Type           Power        Failure   Level  Hunger
a - Magic Dart            Conj           ##..         4%          1    N/A
b - Slow                  Hex            #.......     9%          2    N/A
c - Call Imp              Summ           #.......     6%          2    N/A
d - Blink                 Tloc           N/A          7%          2    N/A
e - Mephitic Cloud        Conj/Pois/Air  #.......     14%         3    N/A

Dungeon Overview and Level Annotations

Branches:
Dungeon (4/15)
 Temple: D:4-7

Altars:
Ashenzari
Nemelex Xobeh


Innate Abilities, Weirdness & Mutations

You do not eat or drink.
Your flesh is vulnerable to fire.
You are immune to poison.
Your flesh is cold resistant.
You are immune to negative energy.
You are immune to unholy pain and torment.
You can survive without breathing.


Message History

You miscast Magic Dart.
You are very lightly contaminated with residual magic.
Nothing appears to happen.
You hit the phantom but do no damage.
The phantom is lightly damaged.
Your crimson imp blinks!
The phantom hits you.
An adder comes into view.
You closely miss the phantom.
The phantom is lightly damaged.
Your white imp gestures at the phantom.
The puff of frost hits the phantom.
The phantom resists.
Your crimson imp blinks!
The phantom hits you!
* * * LOW HITPOINT WARNING * * *
Your white imp gestures at the phantom.
The puff of frost hits the phantom.
The phantom resists.
The phantom blinks!
The phantom hits you!
You die...

#.#.....#######.####.# #.##..)..
#.#.......# #.#....# #.##.....
#.......#.# #.#.#### #.#######
######..#.# #.#.# #.# #
#..#.#####.#.# #.# #
#..#.#.......# #.# #
#..#.#.###.########.# #
#....#.#....5.....#.# #
#######......#.#@######.#.# #
...........#...W......#.#.# #
#######.#..#.#.#5####.#.#.# #
.............#.5......#.#.# #####
#######.##..####.....##.#.# #...#
...............#S....##.#.###...#
#######.###..#.#.....##.#........
#.# ##.#.#.....##.#####...# #.#
#............#.......'


You could see a phantom, a crimson imp, an adder, a friendly crimson imp and a
friendly white imp.

Vanquished Creatures
  An iguana (D:4)
  3 adders
  2 giant geckos
  2 orcs (D:4)
  4 giant cockroaches
  5 hobgoblins
  A jackal (D:1)
  4 bats
  A giant gecko skeleton (D:4)
  2 giant newts (D:3)
  6 goblins
  9 kobolds
  6 rats
46 creatures vanquished.

Vanquished Creatures (collateral kills)
  A scorpion (D:4)
  A hound (D:4)
  An adder (D:2)
  2 worms
  An orc (D:4)
  3 goblins
  2 hobgoblins
  2 jackals (D:1)
  A giant newt (D:2)
  2 rats
16 creatures vanquished.

Grand Total: 62 creatures vanquished

Notes
Turn   | Place    | Note
--------------------------------------------------------------
     0 | D:1      | orochimarko the Mummy Wizard began the quest for the Orb.
     0 | D:1      | Reached XP level 1. HP: 13/13 MP: 4/4
   547 | D:1      | Reached XP level 2. HP: 13/19 MP: 0/6
  1378 | D:1      | Learned a level 2 spell: Slow
  1381 | D:1      | Learned a level 2 spell: Call Imp
  1384 | D:1      | Learned a level 2 spell: Blink
  2098 | D:1      | Found a sparkling altar of Nemelex Xobeh.
  2493 | D:1      | Upgraded the game from 0.17-a0-1769-g54adf96 to 0.17-a0-1778-gd369669
  2752 | D:2      | Reached XP level 3. HP: 24/24 MP: 1/8
  3218 | D:2      | Reached skill level 1 in Conjurations
  3327 | D:3      | Found a shattered altar of Ashenzari.
  5389 | D:3      | Reached XP level 4. HP: 30/30 MP: 2/9
  6579 | D:4      | Reached skill level 4 in Spellcasting
  6692 | D:4      | Reached skill level 1 in Summonings
  7387 | D:4      | Noticed a phantom
  7432 | D:4      | Learned a level 3 spell: Mephitic Cloud
  7624 | D:4      | Reached XP level 5. HP: 33/36 MP: 2/11
  8052 | D:4      | Slain by a phantom

Vault maps used:
D:1:      dpeg_arrival_pits, nemelex_altar_shiori
D:2:      serial_glass, glass_columns_a, glass_columns_b, glass_columns_a
D:3:      nicolae_overflow_crystal_walls

Action                   |  1- 3 |  4- 6 || total
-------------------------+-------+-------++-------
Melee: Unarmed           |     7 |       ||     7
       Dagger            |    27 |     7 ||    34
 Cast: Magic Dart        |    92 |    41 ||   133
       Call Imp          |    15 |    28 ||    43
       Blink             |       |     3 ||     3
       Mephitic Cloud    |       |     2 ||     2
       Slow              |       |     1 ||     1
Evoke: Rod               |     2 |     5 ||     7
  Use: Scroll            |     7 |     2 ||     9
